 Dungeon Crawl Stone Soup version 0.30.0 (webtiles) character file.

Game seed: 4448653903747655601

1812348 Draconius the Sorcerer (level 27, 162/162 HPs)
             Began as a Gargoyle Reaver on May 22, 2023.
             Was the Champion of Jiyva.
             Escaped with the Orb
             ... and 3 runes on May 23, 2023!
             The game lasted 05:58:48 (58855 turns).

Draconius the Sorcerer (Gargoyle Reaver)           Turns: 58855, Time: 05:58:49

Health: 162/162    AC: 39    Str: 13 (14) XL:     27
Magic:  57/57      EV: 15    Int: 30 (33) God:    Jiyva [******]
Gold:   474        SH: 14    Dex:  4      Spells: 11/76 levels left

rFire   + + .        f - +7 sling of Greatest Utility {flame, rElec rPois rC+}
rCold   + + +        E - +5 kite shield
rNeg    + + +        t - +4 moon troll leather armour {Spirit, Regen++ MP+5}
rPois   ∞            Z - +3 crown of Dyrovepreva {rElec Int+2 SInv}
rElec   +            F - +1 cloak of Starlight {*Dazzle EV+4 Stlth--}
rCorr   +            X - +2 pair of gloves {Dex+3}
SInv    +            R - +0 pair of boots
Will    ++++.        C - amulet "Upiulac" {Acrobat rN+ Will+ Int+3 SInv} Stlth
                     s - ring of wizardry
HPRegen 3.67/turn    Y - ring of Coemuaph {+Blink rElec rF++ rN+ Dex-3}
MPRegen 0.85/turn

%: random rage (9%), acrobat, guardian spirit, wizardry (x1)
@: flying, hasted, studying Ranged Weapons, very quick
A: sickness immunity, AC +20, big wings, negative energy resistance 1,
electricity resistance, torment resistance 1, petrification resistance, antennae
1, talons 2, berserk 2, clumsy 2, cold resistance 3, deformed body,
deterioration 1, frail 1, strong-willed 1, weak 1, gelatinous body 1, pseudopods
1, translucent skin 1, tendrils
0: Orb of Zot
}: 3/15 runes: serpentine, barnacled, slimy
a: Renounce Religion, Evoke Blink, Oozemancy, Slimify


You escaped.
You worshipped Jiyva.
Jiyva was exalted by your worship.
You visited 11 branches of the dungeon, and saw 52 of its levels.
You also visited: Sewer and Ice Cave.

You collected 4273 gold pieces.
You spent 3799 gold pieces at shops.

Inventory:

Hand Weapons
 f - the +7 sling of Greatest Utility (weapon) {flame, rElec rPois rC+}
   (You found it on level 3 of the Depths)

   rC:        It protects you from cold.
   rElec:     It insulates you from electricity.
   rPois:     It protects you from poison.
Armour
 t - the +4 moon troll leather armour (worn) {Spirit, Regen++ MP+5}
   (You found it on level 5 of the Pits of Slime)

   MP:        It affects your magic capacity (+5).
   Regen:     It increases your rate of health regeneration.
 E - a +5 kite shield (worn)
 F - the +1 cloak of Starlight (worn) {*Dazzle EV+4 Stlth--}
   (You bought it in a shop on level 2 of the Orcish Mines)

   *Dazzle:   It may blind those who miss an attack against the wearer in melee
   combat.
   EV:        It affects your evasion (+4).
   Stlth:     It makes you much less stealthy.
 P - the +4 dragonskin cloak
   (You took it off Tiamat on level 3 of the Realm of Zot)

   Avatar's Aegis: It grants the wearer a chance to resist fire, cold, poison,
   electricity, acid, and negative energy.
 R - a +0 pair of boots (worn)
 X - a +2 pair of gloves of dexterity (worn)
 Z - the +3 crown of Dyrovepreva (worn) {rElec Int+2 SInv}
   (You bought it in a shop on level 2 of the Orcish Mines)

   Int:       It affects your intelligence (+2).
   rElec:     It insulates you from electricity.
   SInv:      It lets you see invisible.
Magical Staves
 G - the staff of death "Surefy" {rN+ Int+4 Stlth+}
   (You found it on level 5 of the Pits of Slime)

   [staff of death]

   Base accuracy: +5 Base damage: 5 Base attack delay: 1.2 This weapon's minimum
   attack delay (0.6) is reached at skill level 12.
   Int:       It affects your intelligence (+4).
   rN:        It protects you from negative energy.
   Stlth:     It makes you more stealthy.
   It falls into the 'Staves' category.
   It is a one-handed weapon.
Jewellery
 a - a ring of protection from cold
 s - a ring of wizardry (left hand)
 u - the ring of the Falcon {Will+ Str+3}
   (You found it on level 1 of the Crypt)

   [ring of willpower]

   Str:       It affects your strength (+3).
   Will:      It increases your willpower.
 C - the amulet "Upiulac" (around neck) {Acrobat rN+ Will+ Int+3 SInv}
   (You bought it in a shop on level 2 of the Snake Pit)

   [amulet of the acrobat]

   It increases your evasion while moving and waiting.
   Int:       It affects your intelligence (+3).
   rN:        It protects you from negative energy.
   SInv:      It lets you see invisible.
   Will:      It increases your willpower.
 H - the ring "Opsaerch" {Ice Int+2 Dex+4 Slay-5}
   (You found it on level 5 of the Pits of Slime)

   [ring of ice]

   It enhances your ice magic.
   Int:       It affects your intelligence (+2).
   Dex:       It affects your dexterity (+4).
   Slay:      It affects your accuracy & damage with ranged weapons and melee
   (-5).
   rF:        It makes you vulnerable to fire.
   rC:        It protects you from cold.
 K - a ring of fire
 Y - the ring of Coemuaph (right hand) {+Blink rElec rF++ rN+ Dex-3}
   (You found it on level 15 of the Dungeon)

   [ring of positive energy]

   Dex:       It affects your dexterity (-3).
   rF:        It greatly protects you from fire.
   rElec:     It insulates you from electricity.
   rN:        It protects you from negative energy.
   +Blink:    It lets you blink.
Wands
 b - a wand of light (11)
 h - a wand of polymorph (15)
 j - a wand of digging (6)
 n - a wand of iceblast (14)
 B - a wand of mindburst (31)
 D - a wand of charming (21)
 L - a wand of flame (19)
Scrolls
 d - 3 scrolls of amnesia
 e - 2 scrolls of fear
 i - 8 scrolls of teleportation
 k - 5 scrolls of enchant weapon
 m - 8 scrolls of vulnerability
 p - a scroll of butterflies
 q - 3 scrolls of fog
 w - a scroll of torment
 x - a scroll of silence
 y - 2 scrolls of blinking
 I - 4 scrolls of identify
 O - 2 scrolls of poison
 Q - a scroll of immolation
 S - 5 scrolls of magic mapping
 W - 4 scrolls of brand weapon
Potions
 c - 3 potions of might
 l - 6 potions of mutation
 o - 8 potions of curing
 r - a potion of cancellation
 z - 2 potions of invisibility
 A - 9 potions of heal wounds
 J - 5 potions of lignification
 M - a potion of magic
 T - 2 potions of berserk rage
 U - 2 potions of ambrosia
Miscellaneous
 v - a phantom mirror (inert)
 V - a box of beasts (inert)


   Skills:
 - Level 20.5 Fighting
 - Level 3.0 Axes
 - Level 14.0 Ranged Weapons
 - Level 8.0 Armour
 - Level 6.0 Dodging
 - Level 10.0 Shields
 * Level 25.3 Spellcasting
 - Level 6.0 Conjurations
 - Level 3.0 Hexes
 - Level 10.3 Summonings
 - Level 14.0 Necromancy
 - Level 13.0 Translocations
 - Level 15.0 Fire Magic
 - Level 12.0 Air Magic
 - Level 10.0 Earth Magic
 - Level 3.0 Evocations


You had 11 spell levels left.
You knew the following spells:

 Your Spells              Type           Power      Damage    Failure   Level
a - Haunt                 Necr/Summ      42%        N/A       4%          7
b - Dispersal             Tloc           43%        N/A       1%          6
d - Airstrike             Air            41%        2d(6-22)  1%          4
e - Plasma Beam           Fire/Air       43%        2x1d63    1%          6
f - Arcjolt               Conj/Air       37%        1d47      1%          5
g - Vhi's Electric Charg  Tloc/Air       100%       N/A       1%          3
h - Mephitic Cloud        Conj/Pois/Air  65%        N/A       1%          3
i - Borgnjor's Vile Clut  Necr/Erth      41%        N/A       1%          5
j - Borgnjor's Revivific  Necr           44%        N/A       17%         8
l - Summon Mana Viper     Hex/Summ       67%        N/A       1%          5
m - Malign Gateway        Summ/Tloc      41%        N/A       6%          7
n - Iron Shot             Conj/Erth      36%        9d7       4%          6

Your spell library contained the following spells:

 Spells                   Type           Power      Damage    Failure   Level
 Apportation              Tloc           100%       N/A       0%          1
 Blink                    Tloc           100%       N/A       0%          2
 Lesser Beckoning         Tloc           100%       N/A       0%          2
 Vampiric Draining        Necr           89%        2d12      0%          3
 Beastly Appendage        Tmut           76%        N/A       1%          1
 Kiss of Death            Conj/Necr      100%       2d13      1%          1
 Shock                    Conj/Air       100%       1d9       1%          1
 Slow                     Hex            100%       N/A       1%          1
 Momentum Strike          Conj/Tloc      100%       3d10      1%          2
 Searing Ray              Conj           100%       2d8       1%          2
 Static Discharge         Conj/Air       100%       2-7/arc   1%          2
 Wereblood                Tmut           38%        N/A       1%          2
 Call Canine Familiar     Summ           79%        N/A       1%          3
 Confusing Touch          Hex            54%        N/A       1%          3
 Gell's Gravitas          Tloc           86%        N/A       1%          3
 Hailstorm                Conj/Ice       54%        3d12      1%          3
 Ignite Poison            Fire/Tmut/Pois 61%        N/A       1%          3
 Swiftness                Air            83%        N/A       1%          3
 Teleport Other           Tloc           86%        N/A       1%          3
 Anguish                  Hex/Necr       36%        N/A       1%          4
 Animate Dead             Necr           89%        N/A       1%          4
 Dispel Undead            Necr           89%        3d28      1%          4
 Fulminant Prism          Conj/Hex       30%        3d15      1%          4
 Iskenderun's Mystic Bla  Conj/Tloc      76%        2d15      1%          4
 Summon Lightning Spire   Summ/Air       81%        N/A       1%          4
 Lee's Rapid Deconstruct  Erth           39%        3d19*     1%          5
 Summon Forest            Summ/Tloc      41%        N/A       1%          5
 Death Channel            Necr           44%        N/A       1%          6
 Summon Cactus Giant      Summ           39%        N/A       1%          6
 Spider Form              Tmut/Pois      38%        N/A       2%          3
 Ice Form                 Ice/Tmut       38%        N/A       9%          4
 Summon Hydra             Summ           39%        N/A       11%         7
 Alistair's Intoxication  Tmut/Pois      25%        N/A       24%         5
 Disjunction              Tloc           43%        N/A       26%         8
 Eringya's Noxious Bog    Tmut/Pois      19%        N/A       75%         6
 Death's Door             Necr           44%        N/A       93%         9
 Necromutation            Tmut/Necr      34%        N/A       95%         8
 Dragon Form              Tmut           19%        N/A       99%         7
 Cigotuvi's Dreadful Rot  Necr/Pois/Air  Unusable   N/A       N/A         2

Dungeon Overview and Level Annotations

Branches:
Dungeon (15/15)            Temple (0/1) D:6            Lair (5/5) D:11
 Shoals (4/4) Lair:2        Snake (4/4) Lair:3        Slime (5/5) Lair:5
    Orc (2/2) D:11            Elf (1/3) Orc:2        Vaults (4/5) D:14
  Crypt (3/3) Vaults:3       Tomb (0/3) Crypt:3      Depths (4/4) D:15
    Zot (5/5) Depths:4      Sewer (visited)           IceCv (visited)

Altars:
Cheibriados
Dithmenos
Fedhas
Hepliaklqana
Kikubaaqudgha
Makhleb
Qazlal
Sif Muna
Jiyva
Lugonu

Shops:
D:7 *   D:12 !   Orc:2 ((?[[   Elf:1 =[=?   Snake:2 =(   Snake:4 *   Vaults:2 (
Depths:1 :*   Depths:2 !

Portals:
Hell: Depths:1 Depths:2 Depths:3 Depths:4
Abyss: Crypt:3 Depths:2 Depths:3
Pandemonium: Depths:2 Depths:4
Ziggurat: Depths:1

Annotations:
Slime:5 Dissolution, Royal Jelly
Crypt:3 2 transporters, Vailuoroe's ghost, veteran GrEE


Innate Abilities, Weirdness & Mutations

You are immune to sickness and miasma.
Your stone body is resilient. (AC +20)
You are immune to poison.
Your large and strong wings let you fly.
You resist negative energy. (rN+)
You are resistant to electric shocks. (rElec)
You are resistant to unholy torment.
You are immune to petrification.
You have a pair of small antennae on your head.
You have razor-sharp toenails.
You have an uncontrollable temper.
You are very clumsy. (Dex -4)
Your flesh is almost immune to the effects of cold. (rC+++)
Armour fits poorly on your strangely shaped body.
Your body sometimes deteriorates upon taking damage.
You are frail. (-10% HP)
You are strong-willed. (Will+)
You are weak. (Str -2)
Your rubbery body absorbs attacks. (AC +1, EV +1)
Armour fits poorly on your pseudopods.
Your translucent skin slightly reduces your foes' accuracy. (Stealth+)
You are covered in slimy tendrils that may disarm your opponents.


Message History

Press: ? - help, Shift-Dir - straight line You can't see that place. [a rock wall.]
The rock shatters into small pieces.
A sun demon comes into view.
A balrug comes into view.
It is wielding a +0 demon whip of venom.
You swap places.
The jelly barely misses the sun demon.
Something hits the jelly!
The jelly is engulfed in flames!
The jelly closely misses something.
Something hits the jelly.
The jelly is engulfed in flames!!
The jelly dies!
There is a stone staircase leading up here.
You fly upwards.
There is a stone staircase leading down here.
A green death comes into view.
There is a stone staircase leading up here.
You fly upwards.
There is a stone staircase leading down here.
The green death gestures at you. The poison arrow misses you.
The green death gestures at you. You block the poison arrow.
The green death attacks as you move away!
You block the green death's attack.
The green death attacks as you move away!
The green death completely misses you.
You feel yourself speed up.
The green death hits you but does no damage.
The green death gestures at you. You block the poison arrow.
The green death gestures at you.
The blast of poison engulfs you but does no damage.
You resist. The green death gestures at you. You block the poison arrow.
The jelly hits the bush but does no damage.
The jelly hits the bush but does no damage.
A tormentor comes into view.
There is a staircase leading out of the dungeon here.
You have escaped!

.###.# #.........°°○........>...#
.....# #..........○○#...#.#.#.#.#
..#### #........2○°○☼°2...#.#...#
..# #########.######.###......
.## #≈≈≈≈♣~♣≈≈≈≈#...##.....
.######## #≈.......P.≈###.##.#.##
........# #J.......PP≈# #.##.#...
........###♣.........♣###.##.#.##
...........~....@....~....##.#.#
........###♣.P...J.♣.♣##..##.#.#
######### #≈PPPJ..♣♣♣≈#...##.#.##
#### #≈.P.....♣.≈#.####.[... ...#
#≈..J♣.♣...≈#.####.#.## ...#
#≈≈≈≈♣.♣≈≈≈≈#...####.#. ...#
######.########.##.#... ...# #..#
#....###. ...# ##.##########.###.


You could see a tormentor and 4 neutral jellies (fellow slime).

Vanquished Creatures
  3 ancient liches
  Saint Roka (Crypt:3)
  2 Killer Klowns
  A curse toe (Zot:4)
  A caustic shrike (Depths:3)
  7 golden dragons
  Nikola (Vaults:3)
  2 bone dragons (Crypt:3)
  Rupert (Snake:1)
  13 tentacled monstrosities
  Zenata (Vaults:3)
  A walking earthen tome (Depths:3)
  11 Orb Guardians
  11 liches
  5 quicksilver dragons
  Gastronok (Lair:1)
  A sphinx (Depths:3)
  9 ancient champions
  8 death cobs
  A kraken (Shoals:2)
  Polyphemus (Shoals:2)
  5 shadow dragons
  11 nagarajas (Snake:4)
  8 storm dragons
  7 tengu reavers
  14 draconian knights
  Ilsuiw (Shoals:4)
  7 fire giants
  3 revenants
  The ghost of cowcow the Carver, a journeyman NaMo of Cheibriados (D:15)
  A daeva (Zot:4)
  Aizul (Shoals:1)
  8 draconian monks
  A deep elf sorcerer (Elf:1)
  11 vault wardens
  4 frost giants
  7 draconian scorchers
  A balrug (Depths:3)
  2 iron dragons (Depths:3)
  A curse skull (Crypt:3)
  2 ghost moths (Zot:4)
  4 draconian shifters
  5 ghouls (Crypt:1)
  2 draconian stormcallers (Zot:5)
  3 juggernaut skeletons
  17 ironbound preservers
  3 reapers
  10 draconian annihilators
  A caustic shrike skeleton (Crypt:2)
  16 very ugly things
  12 vampire knights
  5 stone giants
  12 green draconians
  3 ironbound thunderhulks
  The ghost of PiratePeteNZ the Severer, a journeyman HOFi of Beogh (Elf:1)
  A deep elf demonologist (Elf:1)
  13 white draconians
  7 yellow draconians
  14 dire elephants
  A bunyip (shapeshifter) (Vaults:4)
  15 purple draconians
  7 black draconians
  19 red draconians
  4 eidola
  A quicksilver dragon zombie (Vaults:3)
  4 spark wasps
  5 merfolk javelineers (Shoals:4)
  5 ettins
  2 deep elf death magi (Crypt:2)
  A spriggan zombie (Crypt:1)
  7 merfolk impalers
  2 mummy priests (Crypt:1)
  3 entropy weavers
  14 jiangshi
  2 rakshasas (Depths:2)
  Fannar (D:11)
  Harold (Lair:1)
  11 yaktaur captains
  9 fire dragons
  6 hydras
  A quicksilver dragon skeleton (Crypt:3)
  21 centaur warriors
  5 anacondas
  7 ironbound frosthearts
  7 vault guards
  Erica (D:9)
  6 catoblepae
  2 salamander tyrants (Snake:4)
  5 spriggan air magi
  2 merfolk avatars
  5 ice dragons
  5 merfolk aquamancers
  A fenstrider witch skeleton (Crypt:1)
  5 two-headed ogres
  2 dancing weapons (Elf:1)
  10 deep troll shamans
  4 death knights
  4 tengu warriors
  12 death yaks
  3 alligator snapping turtles
  A boulder beetle (D:14)
  A death scarab (Crypt:3)
  An Orb Guardian skeleton (Crypt:1)
  5 orc high priests
  4 satyrs
  4 deep troll earth magi
  17 naga warriors
  15 vampire magi
  Urug (D:12)
  11 naga sharpshooters
  6 shock serpents
  4 spriggan berserkers
  A storm dragon zombie (Crypt:1)
  2 sun demons
  Nergalle (D:10)
  55 skeletal warriors
  2 soul eaters
  A titan zombie (Crypt:2)
  2 spriggans (Depths:4)
  9 deep elf knights (Elf:1)
  A hell knight (Depths:2)
  2 shadow wraiths
  4 salamander mystics
  2 sixfirhies (D:9)
  A titan skeleton (Crypt:3)
  7 iron trolls
  8 skysharks
  59 deep trolls
  Lodul (D:14)
  A storm dragon skeleton (Crypt:3)
  A golden dragon zombie (Depths:3)
  13 sea snakes
  A wolf spider zombie (D:15)
  6 flayed ghosts
  10 necromancers
  9 wizards
  8 naga ritualists
  17 harpies
  The ghost of PiratePeteNZ the Cleaver, a novice HOFi of Beogh (D:8)
  10 deep elf archers (Elf:1)
  7 deep elf pyromancers
  13 phantasmal warriors
  7 orc knights
  A golden dragon skeleton (Depths:3)
  15 lindwurms
  A sphinx zombie (Crypt:2)
  A tengu skeleton (Vaults:3)
  12 ironbound convokers
  2 anaconda skeletons
  20 deep elf zephyrmancers
  9 fauns
  14 ugly things
  5 orc sorcerers
  22 manticores
  A frost giant zombie (Vaults:3)
  2 shadow dragon skeletons (Crypt:3)
  A fire giant zombie (Vaults:3)
  2 mana vipers
  10 cyclopes
  15 elephants
  3 stone giant skeletons
  29 black mambas
  22 moths of wrath
  13 salamanders
  10 merfolk sirens
  5 guardian serpents (Snake:4)
  A rust devil (D:9)
  13 vault sentinels
  An ice statue (IceCv)
  3 dire elephant skeletons (Crypt:3)
  A titan simulacrum (Crypt:3)
  9 naga magi
  9 water nymphs
  A pale draconian zombie (Crypt:2)
  2 smoke demons
  3 gargoyles
  An unseen horror (shapeshifter) (D:9)
  2 unseen horrors
  12 cane toads
  A rime drake (Lair:5)
  4 centaur skeletons
  Psyche (D:11)
  3 naga skeletons
  4 tengu conjurers
  7 komodo dragons
  A tormentor (D:3)
  33 yaktaurs
  13 freezing wraiths
  11 ice devils (IceCv)
  2 anaconda simulacra (IceCv)
  An efreet (D:13)
  A red devil (D:9)
  2 ghost moth simulacra (Zot:1)
  A green draconian skeleton (Crypt:1)
  6 trolls
  A queen bee (Lair:4)
  32 merfolk
  8 wind drakes
  3 hornets
  3 meliai (Lair:4)
  3 polar bears
  A shadow dragon simulacrum (Zot:1)
  A hellwing (D:9)
  Prince Ribbit (D:9)
  10 snapping turtles
  A satyr zombie (Crypt:2)
  5 harpy skeletons
  10 dream sheep
  14 blink frogs
  A fire dragon zombie (Crypt:1)
  A human simulacrum (Vaults:3)
  2 centaur simulacra (D:15)
  10 flying skulls
  A shadow (D:10)
  3 ynoxinuls
  An air elemental (Elf:1)
  A culicivora (Vaults:4)
  4 ettin skeletons
  16 water elementals
  98 yaks
  A satyr skeleton (Crypt:3)
  3 vampires (Vaults:3)
  7 wraiths
  The ghost of PiratePeteNZ the Chopper, an amateur HOFi (D:3)
  4 basilisks
  A black mamba skeleton (Crypt:1)
  4 wyverns
  8 death yak simulacra
  4 steam dragons
  A redback simulacrum (D:15)
  2 alligator snapping turtle simulacra
  A redback (Vaults:3)
  A chaos spawn (Zot:4)
  14 vampire mosquitoes
  A naga zombie (Crypt:2)
  10 wargs
  2 harpy simulacra (IceCv)
  A two-headed ogre zombie (Crypt:2)
  31 nagas
  A hydra simulacrum (IceCv)
  17 water moccasins
  A glowing shapeshifter skeleton (Vaults:3)
  A black bear (shapeshifter) (D:15)
  A swamp dragon zombie (Crypt:1)
  5 ice beasts
  35 orc warriors
  A fire dragon simulacrum (Crypt:1)
  2 sky beasts (D:6)
  3 black bears
  14 ogres
  8 wolves
  A tengu (shapeshifter) (D:15)
  16 centaurs
  A dream sheep skeleton (Crypt:2)
  A phantom (D:6)
  5 kobold brigands
  A hog skeleton (Crypt:2)
  A draconian zombie (Crypt:3)
  A necrophage (Crypt:1)
  13 bullfrogs
  2 gnoll sergeants (D:9)
  5 two-headed ogre simulacra
  3 scorpions
  5 cane toad simulacra (IceCv)
  2 earth elementals (Elf:1)
  8 wights
  A water moccasin zombie (Crypt:1)
  A warg zombie (Crypt:2)
  A raiju zombie (Crypt:3)
  32 killer bees
  4 elephant simulacra (IceCv)
  A vampire bat (D:6)
  3 howler monkeys
  3 electric eels
  5 quasits (D:9)
  18 orc priests
  A black bear zombie (Crypt:1)
  7 hounds
  2 sleepcaps
  Natasha (D:2)
  A boggart zombie (Crypt:1)
  2 iguanas (D:4)
  20 orc wizards
  4 troll simulacra
  2 spriggan simulacra
  A killer bee zombie (Crypt:2)
  4 wolf simulacra (IceCv)
  7 gnolls
  5 adders
  A naga simulacrum (Orc:1)
  A steam dragon skeleton (Crypt:3)
  A white imp (IceCv)
  3 ufetubi
  2 worms (Sewer)
  A dart slug (D:1)
  58 orcs
  2 endoplasms (D:1)
  2 giant cockroaches
  8 goblins
  6 hobgoblins
  12 kobolds
  4 quokkas
  10 ball pythons
  A ball python zombie (Crypt:1)
  4 bats
  2 frilled lizards (D:1)
  A gnoll zombie (Crypt:3)
  11 rats
  A rat zombie (Crypt:3)
1970 creatures vanquished.

Vanquished Creatures (collateral kills)
  2 dread liches (Zot:5)
  Tiamat (Zot:3)
  5 orbs of fire (Zot:5)
  Josephina (Zot:1)
  A Killer Klown (Zot:5)
  3 electric golems
  16 Orb Guardians
  2 quicksilver dragons
  A death cob (Zot:5)
  An Executioner (Zot:4)
  A shadow dragon (Zot:1)
  A storm dragon (Zot:5)
  A draconian monk (Zot:3)
  A ghost moth (Zot:3)
  2 draconian scorchers
  A draconian shifter (Zot:3)
  3 green draconians
  A black draconian (Zot:3)
  3 yellow draconians
  2 red draconians (Zot:3)
  2 white draconians (Zot:1)
  An ice dragon (Depths:4)
  2 alligator snapping turtles
  A moth of wrath (Zot:2)
  A merfolk (Shoals:1)
  A hellwing (D:9)
  A water elemental (Shoals:4)
  A fire elemental (Depths:3)
59 creatures vanquished.

Vanquished Creatures (others)
  13 eldritch tentacles
  2 nagarajas (Snake:4)
  3 draconian knights
  A draconian shifter (Zot:2)
  A yellow draconian (Zot:3)
  A fire dragon (Depths:2)
  6 great orbs of eyes
  A great orb of eyes (shapeshifter) (Elf:1)
  An ice dragon (Depths:2)
  A centaur warrior (D:15)
  An anaconda (Snake:3)
  A spriggan berserker (Depths:2)
  A naga sharpshooter (Snake:2)
  2 glowing orange brains (shapeshifter) (Elf:1)
  A swamp dragon (shapeshifter) (Elf:1)
  7 glowing orange brains
  A death drake (shapeshifter) (Elf:1)
  A necromancer (Vaults:3)
  3 deep elf zephyrmancers (Elf:1)
  2 mana vipers (shapeshifter) (Elf:1)
  A harpy (shapeshifter) (Elf:1)
  A phantasmal warrior (Vaults:4)
  A shining eye (shapeshifter) (Crypt:3)
  A cyclops (D:14)
  2 ugly things (Vaults:4)
  An elephant (Lair:5)
  A moth of wrath (Elf:1)
  A cane toad (Lair:5)
  An eye of devastation (shapeshifter) (Elf:1)
  3 vault sentinels
  A water nymph (Shoals:4)
  4 yaktaurs
  An unseen horror (D:10)
  2 merfolk
  10 slime creatures
  3 dream sheep
  A draconian simulacrum (Zot:1)
  A slime creature (shapeshifter) (Elf:1)
  A yak (Lair:5)
  A basilisk (Lair:4)
  2 redbacks (Vaults:3)
  A vampire mosquito (D:14)
  A red draconian simulacrum (Zot:1)
  A naga (Snake:2)
  4 water moccasins
  2 floating eyes (shapeshifter) (Elf:1)
  An orc warrior (Orc:1)
  A human (D:9)
  A boggart (Elf:1)
  A wolf (Lair:3)
  A centaur (D:8)
  3 kobold brigands
  2 bullfrogs
  A yak zombie (Crypt:2)
  A killer bee (Lair:4)
  A howler monkey (D:12)
  2 vampire bats (D:6)
  An electric eel (Lair:1)
  339 jellies
  A gnoll bouda (D:5)
  3 orc priests
  A black bear skeleton (Crypt:3)
  An iguana (D:5)
  Natasha (twice) (D:2)
  6 orc wizards
  Robin (D:2)
  An adder (D:3)
  5 gnolls
  An ufetubus (D:6)
  20 orcs
  4 bats
  6 endoplasms
  8 goblins
  5 hobgoblins
  3 ball pythons
  12 kobolds
  A rat (Sewer)
  12 demonic plants (D:9)
  75 fungi
  228 plants
  5 toadstools (D:1)
855 creatures vanquished.

Grand Total: 2884 creatures vanquished

Notes
Turn   | Place    | Note
-------+----------+-------------------------------------------
     0 | D:1      | Draconius the Gargoyle Reaver began the quest for the Orb.
     0 | D:1      | Reached XP level 1. HP: 12/12 MP: 3/3
   142 | D:1      | Reached XP level 2. HP: 8/18 MP: 5/5
   342 | D:1      | Learned a level 2 spell: Momentum Strike
   401 | D:1      | Reached XP level 3. HP: 20/22 MP: 6/6
   418 | D:1      | Found a faded altar of an unknown god.
   422 | D:1      | Prayed at the altar of an unknown god.
   422 | D:1      | Became a worshipper of Jiyva Jobyosse the Shapeless
   422 | D:1      | Reached * piety under Jiyva
   725 | D:2      | Reached ** piety under Jiyva
   821 | D:2      | Killed Natasha
   909 | D:2      | Killed Robin
  1045 | D:2      | Noticed Natasha
  1052 | D:2      | Killed Natasha
  1053 | D:2      | Reached XP level 4. HP: 6/27 MP: 3/7
  1095 | D:2      | Reached *** piety under Jiyva
  1104 | D:2      | Killed Natasha
  1556 | D:3      | Found a stormy altar of Qazlal.
  1640 | D:3      | Found a shadowy altar of Dithmenos.
  1641 | D:3      | Found a shimmering blue altar of Sif Muna.
  2049 | D:3      | Noticed PiratePeteNZ's ghost (amateur HOFi)
  2055 | D:3      | Found a runed translucent door.
  2116 | D:3      | Reached **** piety under Jiyva
  2365 | D:4      | Noticed a scorpion
  2367 | D:4      | Killed a scorpion
  2368 | D:4      | Reached XP level 5. HP: 32/32 MP: 5/9
  2403 | D:4      | Reached skill level 1 in Armour
  2414 | D:4      | Learned a level 1 spell: Shock
  2417 | D:4      | Gained mutation: You have a small jelly attached to you
                  | that may absorb projectiles. [Jiyva's grace]
  2417 | D:4      | Gained mutation: Armour fits poorly on your pseudopods.
                  | [Jiyva's grace]
  2417 | D:4      | Gained mutation: Armour fits poorly on your large
                  | pseudopods. [Jiyva's grace]
  2417 | D:4      | Gained mutation: Armour fits poorly on your massive
                  | pseudopods. [Jiyva's grace]
  2436 | D:4      | Noticed an ogre
  2441 | D:4      | Killed an ogre
  2442 | D:4      | Reached skill level 3 in Spellcasting
  2442 | D:4      | Reached skill level 5 in Conjurations
  2442 | D:4      | Reached skill level 1 in Air Magic
  2442 | D:4      | Reached XP level 6. HP: 37/37 MP: 7/10
  2779 | D:4      | Noticed an ice beast
  2794 | D:4      | Killed an ice beast
  3386 | D:5      | Entered Level 5 of the Dungeon
  3386 | D:5      | Noticed a water moccasin
  3397 | D:5      | Killed a water moccasin
  3398 | D:5      | Reached XP level 7. HP: 34/42 MP: 5/12
  3779 | D:5      | Reached skill level 4 in Spellcasting
  3779 | D:5      | Reached XP level 8. HP: 48/48 MP: 10/14
  3898 | D:5      | Found a glowing drain.
  4070 | Sewer    | Entered a sewer
  4226 | Sewer    | Gained mutation: You are robust. (+10% HP) [Jiyva's grace]
  4226 | Sewer    | Gained mutation: You are very robust. (+20% HP) [Jiyva's
                  | grace]
  4226 | Sewer    | Gained mutation: You are extremely robust. (+30% HP)
                  | [Jiyva's grace]
  4226 | Sewer    | Gained mutation: You have acidic saliva. [Jiyva's grace]
  4643 | D:6      | Reached skill level 5 in Fighting
  4823 | D:6      | Reached XP level 9. HP: 70/70 MP: 13/16
  4926 | D:6      | Found a staircase to the Ecumenical Temple.
  4935 | D:6      | Reached skill level 5 in Spellcasting
  4935 | D:6      | Reached skill level 5 in Air Magic
  4940 | D:6      | Learned a level 4 spell: Airstrike
  5423 | D:7      | Found Syuvemn's Gadget Gallery.
  5857 | D:7      | Reached skill level 1 in Fire Magic
  5861 | D:7      | Reached skill level 5 in Armour
  6889 | D:8      | Found a runed translucent gate.
  6889 | D:8      | Found a runed translucent gate.
  6889 | D:8      | Found a runed translucent gate.
  6890 | D:8      | Noticed an 11-headed hydra
  6890 | D:8      | Noticed a ten-headed hydra
  6891 | D:8      | Noticed PiratePeteNZ's ghost (novice HOFi)
  6916 | D:8      | Reached ***** piety under Jiyva
  6936 | D:8      | Lost mutation: You are extremely robust. (+30% HP) [Jiyva's
                  | grace]
  6936 | D:8      | Lost mutation: You have acidic saliva. [Jiyva's grace]
  6936 | D:8      | Gained mutation: You are partially covered in iridescent
                  | scales. (AC +2) [Jiyva's grace]
  6936 | D:8      | Gained mutation: You are mostly covered in iridescent
                  | scales. (AC +4) [Jiyva's grace]
  6936 | D:8      | Gained mutation: You are completely covered in iridescent
                  | scales. (AC +6) [Jiyva's grace]
  6936 | D:8      | Gained mutation: Your melee attacks may engulf your foes in
                  | ooze. [Jiyva's grace]
  6960 | D:8      | Noticed a hornet
  6976 | D:8      | Killed a hornet
  7049 | D:8      | Reached XP level 10. HP: 73/73 MP: 15/18
  7167 | D:8      | Killed an unseen horror
  7176 | D:8      | Learned a level 6 spell: Plasma Beam
  7516 | D:3      | Killed PiratePeteNZ's ghost
  7661 | D:8      | Killed PiratePeteNZ's ghost
  7662 | D:8      | Reached skill level 6 in Spellcasting
  7663 | D:8      | Killed an 11-headed hydra
  7665 | D:8      | Killed a ten-headed hydra
  7732 | D:9      | Noticed a sun demon
  7738 | D:8      | HP: 3/75 [vampire mosquito (2)]
  7923 | D:8      | Learned a level 5 spell: Arcjolt
  7991 | D:9      | Noticed a smoke demon
  7993 | D:9      | Noticed a sixfirhy
  8004 | D:8      | Reached XP level 11. HP: 79/81 MP: 19/21
  8145 | D:9      | Killed a sun demon
  8163 | D:9      | Noticed Erica
  8165 | D:9      | Noticed a sixfirhy
  8172 | D:9      | Reached skill level 5 in Fire Magic
  8175 | D:9      | Killed Erica
  8176 | D:9      | Reached skill level 1 in Shields
  8176 | D:9      | Reached skill level 7 in Spellcasting
  8187 | D:9      | Killed a sixfirhy
  8306 | D:9      | Killed a sixfirhy
  8355 | D:9      | Noticed Prince Ribbit
  8367 | D:9      | Killed Prince Ribbit
  8515 | D:9      | Noticed a two-headed ogre
  8520 | D:9      | Killed a two-headed ogre
  8648 | D:9      | Reached skill level 5 in Shields
  8653 | D:9      | Reached XP level 12. HP: 91/91 MP: 18/23
  8677 | D:9      | Noticed a centaur warrior
  8684 | D:9      | Killed a centaur warrior
  8709 | D:9      | Found an ancient bone altar of Kikubaaqudgha.
  9103 | D:10     | Entered Level 10 of the Dungeon
  9457 | D:10     | Noticed Nergalle
  9468 | D:10     | Killed Nergalle
  9469 | D:10     | Reached skill level 8 in Spellcasting
  9880 | D:11     | Noticed a tengu warrior
  9887 | D:11     | Killed a tengu warrior
 10053 | D:11     | Found a staircase to the Lair.
 10128 | D:11     | Noticed a two-headed ogre
 10128 | D:11     | Noticed Fannar
 10137 | D:11     | Killed a two-headed ogre
 10140 | D:11     | Killed Fannar
 10235 | D:11     | Lost mutation: You are very robust. (+20% HP) [Jiyva's
                  | grace]
 10235 | D:11     | Lost mutation: Armour fits poorly on your massive
                  | pseudopods. [Jiyva's grace]
 10235 | D:11     | Gained mutation: You have hidden genetic potential.
                  | [Jiyva's grace]
 10235 | D:11     | Gained mutation: You have great hidden genetic potential.
                  | [Jiyva's grace]
 10235 | D:11     | Gained mutation: You expend magic power (3 MP) to
                  | strengthen your wands. [Jiyva's grace]
 10235 | D:11     | Gained mutation: Your body has grown eyes which may confuse
                  | attackers. (Acc +3) [Jiyva's grace]
 10351 | D:11     | Found a staircase to the Orcish Mines.
 10351 | D:11     | Noticed Psyche
 10353 | D:11     | Killed Psyche
 10578 | Lair:1   | Entered Level 1 of the Lair of Beasts
 10594 | Lair:1   | Reached skill level 10 in Fighting
 10597 | Lair:1   | Noticed Harold
 10598 | Lair:1   | Reached XP level 13. HP: 44/90 MP: 7/25
 10605 | Lair:1   | Killed Harold
 11151 | Lair:1   | Noticed Gastronok
 11174 | Lair:1   | Killed Gastronok
 11545 | Lair:2   | Gained mutation: You possess an exceptional clarity of
                  | mind. [hidden potential]
 11705 | Lair:2   | Reached skill level 9 in Spellcasting
 12001 | Lair:2   | Found a staircase to the Shoals.
 12138 | Lair:2   | Lost mutation: You are completely covered in iridescent
                  | scales. (AC +6) [Jiyva's grace]
 12138 | Lair:2   | Lost mutation: You are mostly covered in iridescent scales.
                  | (AC +4) [Jiyva's grace]
 12138 | Lair:2   | Lost mutation: You have a small jelly attached to you that
                  | may absorb projectiles. [Jiyva's grace]
 12138 | Lair:2   | Gained mutation: You are very robust. (+20% HP) [Jiyva's
                  | grace]
 12138 | Lair:2   | Gained mutation: You are extremely robust. (+30% HP)
                  | [Jiyva's grace]
 12138 | Lair:2   | Gained mutation: Your natural rate of healing is unusually
                  | fast. [Jiyva's grace]
 12138 | Lair:2   | Gained mutation: You heal very quickly. [Jiyva's grace]
 12573 | Lair:3   | Reached skill level 10 in Shields
 12903 | Lair:3   | Gained mutation: Your large and strong wings let you fly.
                  | [Gargoyle growth]
 12903 | Lair:3   | Reached XP level 14. HP: 74/117 MP: 2/27
 12909 | Lair:3   | Reached skill level 10 in Fire Magic
 13013 | Lair:3   | Found a staircase to the Snake Pit.
 13362 | Lair:4   | Reached skill level 10 in Air Magic
 13827 | Lair:4   | Gained mutation: You are agile. (Dex +4, Str/Int -1)
                  | [hidden potential]
 13827 | Lair:4   | Lost mutation: You have great hidden genetic potential.
                  | [hidden potential expressed]
 14556 | Lair:4   | Reached skill level 10 in Spellcasting
 14868 | Lair:5   | Entered Level 5 of the Lair of Beasts
 15080 | Lair:5   | Lost mutation: You are extremely robust. (+30% HP) [Jiyva's
                  | grace]
 15080 | Lair:5   | Gained mutation: You have sharp toenails. [Jiyva's grace]
 15080 | Lair:5   | Gained mutation: You have razor-sharp toenails. [Jiyva's
                  | grace]
 15080 | Lair:5   | Gained mutation: You have claws for feet. [Jiyva's grace]
 15080 | Lair:5   | Gained mutation: Armour fits poorly on your massive
                  | pseudopods. [Jiyva's grace]
 15207 | Lair:5   | Reached skill level 5 in Dodging
 15222 | Lair:5   | Reached XP level 15. HP: 65/115 MP: 2/29
 15769 | Lair:5   | Found a viscous altar of Jiyva.
 15769 | Lair:5   | Found a staircase to the Slime Pits.
 16424 | Slime:1  | Entered Level 1 of the Pits of Slime
 16424 | Slime:1  | Noticed an acid blob
 16425 | Slime:1  | Noticed an acid blob
 16438 | Slime:3  | Noticed an acid blob
 16449 | Slime:4  | Noticed an acid blob
 16458 | Slime:5  | Entered Level 5 of the Pits of Slime
 16458 | Slime:5  | Noticed an acid blob
 16467 | Slime:5  | Noticed Dissolution
 16480 | Slime:5  | Noticed an azure jelly
 16485 | Slime:5  | Found a viscous altar of Jiyva.
 16485 | Slime:5  | Noticed the Royal Jelly
 16485 | Slime:5  | Noticed an acid blob
 16486 | Slime:5  | Noticed a rockslime
 16487 | Slime:5  | Found the +4 moon troll leather armour {Spirit, Regen++
                  | MP+5}
 16501 | Slime:5  | Noticed an acid blob
 16558 | Slime:5  | Noticed an acid blob
 16560 | Slime:5  | Noticed an acid blob
 16595 | Slime:2  | Noticed an azure jelly
 16918 | D:12     | Found Qomeimeh's Distillery.
 16924 | D:12     | Bought a potion of heal wounds for 50 gold pieces
 16924 | D:12     | Bought a potion of haste for 100 gold pieces
 17007 | D:12     | Noticed Urug
 17011 | D:12     | Killed Urug
 17035 | D:12     | Gained mutation: You are very agile. (Dex +8, Str/Int -2)
                  | [hidden potential]
 17363 | D:13     | Lost mutation: You have claws for feet. [Jiyva's grace]
 17363 | D:13     | Lost mutation: You have razor-sharp toenails. [Jiyva's
                  | grace]
 17363 | D:13     | Lost mutation: Your body has grown eyes which may confuse
                  | attackers. (Acc +3) [Jiyva's grace]
 17363 | D:13     | Lost mutation: Armour fits poorly on your massive
                  | pseudopods. [Jiyva's grace]
 17363 | D:13     | Lost mutation: Armour fits poorly on your large pseudopods.
                  | [Jiyva's grace]
 17363 | D:13     | Gained mutation: You have a small jelly attached to you
                  | that may absorb projectiles. [Jiyva's grace]
 17363 | D:13     | Gained mutation: You are covered in slimy tendrils that may
                  | disarm your opponents. [Jiyva's grace]
 17363 | D:13     | Gained mutation: You have a pair of small horns on your
                  | head. [Jiyva's grace]
 17363 | D:13     | Gained mutation: You have a pair of horns on your head.
                  | [Jiyva's grace]
 18317 | D:14     | Noticed Lodul
 18372 | D:14     | Killed Lodul
 18786 | D:14     | Reached skill level 11 in Spellcasting
 19002 | D:14     | Reached ****** piety under Jiyva
 19297 | Slime:3  | Noticed an acid blob
 19343 | Slime:5  | Identified the staff of earth "Kuxubo" {rN+}
 19348 | Slime:5  | Identified the staff of death "Surefy" {rN+ Int+4 Stlth+}
 19358 | Slime:5  | Identified the +7 glaive of Untruth {venom, +Blink}
 19368 | Slime:5  | Got a slimy rune of Zot
 19377 | Slime:5  | Got the Catalogue of Sinister Magic and the Spider
 19380 | Slime:5  | Got Ciomom's Textbook on Translocated Maleficia
 19388 | Slime:5  | Identified the +3 halberd "Uleonuxu" {antimagic, rF+}
 19390 | Slime:5  | Identified the ring "Opsaerch" {Ice Int+2 Dex+4 Slay-5}
 19409 | Slime:5  | Identified the +1 spear "Quuda" {venom, rPois rCorr Str-3
                  | Int+4}
 19466 | Slime:5  | Learned a level 3 spell: Vhi's Electric Charge
 19474 | Slime:5  | Learned a level 3 spell: Mephitic Cloud
 19753 | D:14     | Found a gate to the Vaults.
 19859 | D:15     | Entered Level 15 of the Dungeon
 19859 | D:15     | Lost mutation: You have a pair of horns on your head.
                  | [Jiyva's grace]
 19859 | D:15     | Lost mutation: You have a pair of small horns on your head.
                  | [Jiyva's grace]
 19859 | D:15     | Lost mutation: You are very agile. (Dex +8, Str/Int -2)
                  | [Jiyva's grace]
 19859 | D:15     | Lost mutation: You are agile. (Dex +4, Str/Int -1) [Jiyva's
                  | grace]
 19859 | D:15     | Lost mutation: You possess an exceptional clarity of mind.
                  | [Jiyva's grace]
 19859 | D:15     | Lost mutation: You are very robust. (+20% HP) [Jiyva's
                  | grace]
 19859 | D:15     | Lost mutation: You expend magic power (3 MP) to strengthen
                  | your wands. [Jiyva's grace]
 19859 | D:15     | Gained mutation: Armour fits poorly on your large
                  | pseudopods. [Jiyva's grace]
 19859 | D:15     | Gained mutation: Armour fits poorly on your massive
                  | pseudopods. [Jiyva's grace]
 19859 | D:15     | Gained mutation: Your rubbery body absorbs attacks. (AC +1,
                  | EV +1) [Jiyva's grace]
 19859 | D:15     | Gained mutation: Your pliable body absorbs attacks. (AC +2,
                  | EV +2) [Jiyva's grace]
 20145 | D:15     | Identified the +0 leather armour of the Catamount {rPois}
 20160 | D:15     | Found a runed translucent gate.
 20160 | D:15     | Found a runed translucent gate.
 20161 | D:15     | Found a runed translucent gate.
 20162 | D:15     | Found an ancient bone altar of Kikubaaqudgha.
 20163 | D:15     | Noticed a lich
 20163 | D:15     | Noticed a lich
 20163 | D:15     | Noticed a lich
 20163 | D:15     | Noticed a lich
 20163 | D:15     | Noticed cowcow's ghost (journeyman NaMo)
 20566 | D:15     | Reached XP level 16. HP: 114/114 MP: 3/31
 20751 | D:15     | Found a staircase to the Depths.
 20832 | D:15     | Killed a lich
 20832 | D:15     | Killed a lich
 20835 | D:15     | Killed a lich
 20838 | D:15     | Killed a lich
 20842 | D:15     | Killed cowcow's ghost
 20859 | D:15     | Identified the +0 pair of gloves of Starshine {rN+ Str+3}
 20865 | D:15     | Identified the ring of Coemuaph {+Blink rElec rF++ rN+
                  | Dex-3}
 21015 | Orc:1    | Entered Level 1 of the Orcish Mines
 21044 | Orc:1    | Found a frozen archway.
 21066 | Orc:1    | Gained mutation: You possess an exceptional clarity of
                  | mind. [hidden potential]
 21066 | Orc:1    | Lost mutation: You have hidden genetic potential. [hidden
                  | potential expressed]
 21086 | IceCv    | Entered an ice cave
 21322 | IceCv    | Reached skill level 1 in Necromancy
 21826 | IceCv    | Found an ancient bone altar of Kikubaaqudgha.
 22361 | Orc:1    | Lost mutation: You have sharp toenails. [Jiyva's grace]
 22361 | Orc:1    | Lost mutation: Your melee attacks may engulf your foes in
                  | ooze. [Jiyva's grace]
 22361 | Orc:1    | Gained mutation: You are mostly covered in iridescent
                  | scales. (AC +4) [Jiyva's grace]
 22361 | Orc:1    | Gained mutation: You are completely covered in iridescent
                  | scales. (AC +6) [Jiyva's grace]
 22361 | Orc:1    | Gained mutation: Your mind is acute. (Int +4, Str/Dex -1)
                  | [Jiyva's grace]
 22361 | Orc:1    | Gained mutation: Your mind is very acute. (Int +8, Str/Dex
                  | -2) [Jiyva's grace]
 22501 | Orc:2    | Entered Level 2 of the Orcish Mines
 22521 | Orc:2    | Found Kiduph Bots's Armour Shoppe.
 22568 | Orc:2    | Bought the +3 crown of Dyrovepreva {rElec Int+2 SInv} for
                  | 621 gold pieces
 22568 | Orc:2    | Bought the +1 cloak of Starlight {*Dazzle EV+4 Stlth--} for
                  | 457 gold pieces
 22568 | Orc:2    | Found the +1 cloak of Starlight {*Dazzle EV+4 Stlth--}
 22568 | Orc:2    | Found the +3 crown of Dyrovepreva {rElec Int+2 SInv}
 22593 | Orc:2    | Bought a +0 pair of gloves of dexterity for 172 gold pieces
 22609 | Orc:2    | Found a staircase to the Elven Halls.
 22694 | Orc:2    | Found Leme's Antique Armour Shoppe.
 22694 | Orc:2    | Found Wuziakug's Antique Weapon Shoppe.
 22698 | Orc:2    | Found Woxipsey's Magic Scroll Boutique.
 22698 | Orc:2    | Found Xuzopan's Weapon Boutique.
 22752 | Orc:2    | Bought a scroll of identify for 36 gold pieces
 22752 | Orc:2    | Bought a scroll of fog for 72 gold pieces
 22752 | Orc:2    | Bought a scroll of identify for 36 gold pieces
 23279 | Shoals:1 | Entered Level 1 of the Shoals
 23308 | Shoals:1 | Reached skill level 12 in Spellcasting
 23319 | Shoals:1 | Reached skill level 5 in Necromancy
 23607 | Shoals:1 | Identified the +5 rapier of Veepiso {venom, rF+}
 23740 | Shoals:1 | Noticed Aizul
 23757 | Shoals:1 | Reached XP level 17. HP: 107/122 MP: 1/33
 23770 | Shoals:1 | Killed Aizul
 24386 | Shoals:2 | Noticed Polyphemus
 24394 | Shoals:2 | Killed Polyphemus
 24400 | Shoals:2 | Noticed a kraken
 24644 | Shoals:2 | Killed a kraken
 25172 | Shoals:2 | Identified the ring of Twilight {Fly Dex+4 Stlth-}
 25408 | Shoals:3 | Lost mutation: You are completely covered in iridescent
                  | scales. (AC +6) [Jiyva's grace]
 25408 | Shoals:3 | Lost mutation: You are mostly covered in iridescent scales.
                  | (AC +4) [Jiyva's grace]
 25408 | Shoals:3 | Lost mutation: Your mind is very acute. (Int +8, Str/Dex
                  | -2) [Jiyva's grace]
 25408 | Shoals:3 | Lost mutation: Your mind is acute. (Int +4, Str/Dex -1)
                  | [Jiyva's grace]
 25408 | Shoals:3 | Lost mutation: Your pliable body absorbs attacks. (AC +2,
                  | EV +2) [Jiyva's grace]
 25408 | Shoals:3 | Gained mutation: You have acidic saliva. [Jiyva's grace]
 25408 | Shoals:3 | Gained mutation: You have a somewhat thin skeletal
                  | structure. (Dex +2, Stealth+) [Jiyva's grace]
 25408 | Shoals:3 | Gained mutation: You have a moderately thin skeletal
                  | structure. (Dex +4, Stealth++) [Jiyva's grace]
 25408 | Shoals:3 | Gained mutation: You have an unnaturally thin skeletal
                  | structure. (Dex +6, Stealth+++) [Jiyva's grace]
 26114 | Shoals:3 | Reached skill level 10 in Necromancy
 26379 | Shoals:4 | Entered Level 4 of the Shoals
 26383 | Shoals:4 | Reached skill level 15 in Fighting
 26731 | Shoals:4 | Reached skill level 13 in Spellcasting
 26736 | Shoals:4 | Noticed Ilsuiw
 26810 | Shoals:4 | Reached XP level 18. HP: 130/130 MP: 19/35
 26901 | Shoals:4 | Killed Ilsuiw
 26902 | Shoals:4 | Reached skill level 15 in Fire Magic
 27321 | Shoals:4 | Lost mutation: You have an unnaturally thin skeletal
                  | structure. (Dex +6, Stealth+++) [Jiyva's grace]
 27321 | Shoals:4 | Lost mutation: You have a moderately thin skeletal
                  | structure. (Dex +4, Stealth++) [Jiyva's grace]
 27321 | Shoals:4 | Lost mutation: You are robust. (+10% HP) [Jiyva's grace]
 27321 | Shoals:4 | Gained mutation: You have a moderately thin skeletal
                  | structure. (Dex +4, Stealth++) [Jiyva's grace]
 27321 | Shoals:4 | Gained mutation: You have an unnaturally thin skeletal
                  | structure. (Dex +6, Stealth+++) [Jiyva's grace]
 27321 | Shoals:4 | Gained mutation: Your mind is acute. (Int +4, Str/Dex -1)
                  | [Jiyva's grace]
 27321 | Shoals:4 | Gained mutation: Your mind is very acute. (Int +8, Str/Dex
                  | -2) [Jiyva's grace]
 27364 | Shoals:4 | Got a barnacled rune of Zot
 27936 | Snake:1  | Entered Level 1 of the Snake Pit
 27937 | Snake:1  | Identified a scroll of acquirement
 27938 | Snake:1  | Acquired 582 gold pieces
 28074 | D:7      | Bought a phantom mirror for 600 gold pieces
 28265 | Snake:1  | Noticed Rupert
 28293 | Snake:1  | Reached skill level 1 in Evocations
 28295 | Snake:1  | Killed Rupert
 28510 | Snake:1  | Got the Notes on Therianthropy and Open Graves
 28517 | Snake:1  | Learned a level 5 spell: Borgnjor's Vile Clutch
 28730 | Snake:1  | Found a snail-covered altar of Cheibriados.
 28855 | Snake:2  | Reached skill level 1 in Earth Magic
 29094 | Snake:2  | Identified the +0 helmet "Vubbazus" {Str+3}
 29118 | Snake:2  | Found Fuhots's Antique Weapon Shoppe.
 29474 | Snake:2  | Found Cakimol's Jewellery Boutique.
 29877 | Snake:2  | Lost mutation: Your mind is very acute. (Int +8, Str/Dex
                  | -2) [Jiyva's grace]
 29877 | Snake:2  | Lost mutation: You heal very quickly. [Jiyva's grace]
 29877 | Snake:2  | Lost mutation: Armour fits poorly on your massive
                  | pseudopods. [Jiyva's grace]
 29877 | Snake:2  | Lost mutation: You have a small jelly attached to you that
                  | may absorb projectiles. [Jiyva's grace]
 29877 | Snake:2  | Gained mutation: You are strong-willed. (Will+) [Jiyva's
                  | grace]
 29877 | Snake:2  | Gained mutation: You are highly strong-willed. (Will++)
                  | [Jiyva's grace]
 29877 | Snake:2  | Gained mutation: You are extremely strong-willed. (Will+++)
                  | [Jiyva's grace]
 29877 | Snake:2  | Gained mutation: Your melee attacks may engulf your foes in
                  | ooze. [Jiyva's grace]
 31081 | Snake:4  | Entered Level 4 of the Snake Pit
 31093 | Snake:4  | Reached skill level 14 in Spellcasting
 31290 | Snake:4  | Reached XP level 19. HP: 125/125 MP: 10/37
 31751 | Snake:4  | Reached skill level 5 in Earth Magic
 31979 | Snake:4  | Found Nupuuffi's General Store.
 32032 | Snake:4  | Bought a scroll of blinking for 120 gold pieces
 32228 | Snake:4  | Got a serpentine rune of Zot
 32625 | Depths:1 | Entered Level 1 of the Depths
 32709 | Depths:1 | Found a one-way gateway to a ziggurat.
 32860 | Depths:1 | Lost mutation: You have an unnaturally thin skeletal
                  | structure. (Dex +6, Stealth+++) [Jiyva's grace]
 32860 | Depths:1 | Lost mutation: Your mind is acute. (Int +4, Str/Dex -1)
                  | [Jiyva's grace]
 32860 | Depths:1 | Lost mutation: You are extremely strong-willed. (Will+++)
                  | [Jiyva's grace]
 32860 | Depths:1 | Lost mutation: Your rubbery body absorbs attacks. (AC +1,
                  | EV +1) [Jiyva's grace]
 32860 | Depths:1 | Lost mutation: You are covered in slimy tendrils that may
                  | disarm your opponents. [Jiyva's grace]
 32860 | Depths:1 | Gained mutation: You passively dampen the noise of your
                  | surroundings. [Jiyva's grace]
 32860 | Depths:1 | Gained mutation: Your translucent skin slightly reduces
                  | your foes' accuracy. (Stealth+) [Jiyva's grace]
 32860 | Depths:1 | Gained mutation: Your translucent skin reduces your foes'
                  | accuracy. (Stealth+) [Jiyva's grace]
 32860 | Depths:1 | Gained mutation: Your transparent skin significantly
                  | reduces your foes' accuracy. (Stealth+) [Jiyva's grace]
 32906 | Depths:1 | Reached skill level 15 in Spellcasting
 33331 | Depths:1 | Found a gateway to Hell.
 33405 | Depths:1 | Found Saatz's General Store.
 33405 | Depths:1 | Found Liock's Book Emporium.
 33457 | Depths:1 | Bought a scroll of enchant armour for 135 gold pieces
 33930 | Depths:2 | Found Xualaz's Distillery.
 34011 | Depths:2 | Found a corrupted altar of Lugonu.
 34011 | Depths:2 | Found a one-way gate to the infinite horrors of the Abyss.
 34533 | Depths:2 | Found a shadowy altar of Dithmenos.
 34604 | Depths:2 | Noticed a tentacled monstrosity
 34612 | Depths:2 | Killed a tentacled monstrosity
 34826 | Depths:2 | Reached XP level 20. HP: 132/133 MP: 22/39
 35244 | Depths:2 | Found a one-way gate leading to the halls of Pandemonium.
 35629 | Depths:3 | Reached skill level 16 in Spellcasting
 35753 | Depths:3 | Lost mutation: You are partially covered in iridescent
                  | scales. (AC +2) [Jiyva's grace]
 35753 | Depths:3 | Lost mutation: You have a moderately thin skeletal
                  | structure. (Dex +4, Stealth++) [Jiyva's grace]
 35753 | Depths:3 | Lost mutation: You are highly strong-willed. (Will++)
                  | [Jiyva's grace]
 35753 | Depths:3 | Lost mutation: You are strong-willed. (Will+) [Jiyva's
                  | grace]
 35753 | Depths:3 | Lost mutation: Armour fits poorly on your large pseudopods.
                  | [Jiyva's grace]
 35753 | Depths:3 | Lost mutation: Your transparent skin significantly reduces
                  | your foes' accuracy. (Stealth+) [Jiyva's grace]
 35753 | Depths:3 | Gained mutation: You are strong-willed. (Will+) [Jiyva's
                  | grace]
 35753 | Depths:3 | Gained mutation: You are highly strong-willed. (Will++)
                  | [Jiyva's grace]
 35753 | Depths:3 | Gained mutation: You are extremely strong-willed. (Will+++)
                  | [Jiyva's grace]
 35753 | Depths:3 | Gained mutation: Your muscles are strong. (Str +4, Int/Dex
                  | -1) [Jiyva's grace]
 36061 | Depths:3 | Noticed a caustic shrike
 36206 | Depths:3 | Identified the +7 sling of Greatest Utility {flame, rElec
                  | rPois rC+}
 36280 | Depths:3 | Killed a caustic shrike
 36281 | Depths:3 | Reached skill level 1 in Ranged Weapons
 36413 | Depths:3 | Was placed under penance by Jiyva
 37014 | Depths:3 | Reached skill level 5 in Ranged Weapons
 37032 | Depths:3 | Lost mutation: Your translucent skin reduces your foes'
                  | accuracy. (Stealth+) [the all-consuming vengeance of Jiyva]
 37215 | Depths:3 | Lost mutation: Your melee attacks may engulf your foes in
                  | ooze. [the all-consuming vengeance of Jiyva]
 37215 | Depths:3 | Was forgiven by Jiyva
 37446 | Depths:3 | Found a burning altar of Makhleb.
 37446 | Depths:3 | Found a blossoming altar of Fedhas.
 37448 | Depths:3 | Found a snail-covered altar of Cheibriados.
 37448 | Depths:3 | Found a hazy altar of Hepliaklqana.
 37595 | Depths:4 | Entered Level 4 of the Depths
 37602 | Depths:4 | Noticed a golden dragon
 37613 | Depths:4 | Killed a golden dragon
 37766 | Depths:4 | Found a snail-covered altar of Cheibriados.
 37800 | Depths:3 | Reached skill level 17 in Spellcasting
 37997 | Depths:4 | Found a gate to the Realm of Zot.
 38064 | Depths:4 | Reached XP level 21. HP: 140/140 MP: 39/42
 38442 | Depths:4 | Noticed a golden dragon
 38451 | Depths:4 | Killed a golden dragon
 38734 | Zot:1    | Entered Level 1 of the Realm of Zot
 39012 | Vaults:1 | Entered Level 1 of the Vaults
 39047 | Vaults:1 | Reached skill level 10 in Ranged Weapons
 39854 | Vaults:1 | Identified the +0 hand axe "Poefry" {venom, rC+}
 39960 | Vaults:1 | Lost mutation: You are extremely strong-willed. (Will+++)
                  | [Jiyva's grace]
 39960 | Vaults:1 | Lost mutation: You have acidic saliva. [Jiyva's grace]
 39960 | Vaults:1 | Gained mutation: You are extremely strong-willed. (Will+++)
                  | [Jiyva's grace]
 39960 | Vaults:1 | Gained mutation: Your flesh is cold resistant. (rC+)
                  | [Jiyva's grace]
 39960 | Vaults:1 | Gained mutation: Your flesh is very cold resistant. (rC++)
                  | [Jiyva's grace]
 39960 | Vaults:1 | Gained mutation: Your flesh is almost immune to the effects
                  | of cold. (rC+++) [Jiyva's grace]
 40668 | Vaults:2 | Reached skill level 18 in Spellcasting
 41044 | Vaults:2 | Found Qaeroh's Weapon Shop.
 41568 | Vaults:2 | Reached XP level 22. HP: 148/148 MP: 29/44
 41975 | Snake:2  | Bought the amulet "Upiulac" {Acrobat rN+ Will+ Int+3 SInv}
                  | for 630 gold pieces
 42627 | Vaults:3 | Noticed Nikola
 42676 | Vaults:3 | Killed Nikola
 42815 | Vaults:3 | Reached skill level 19 in Spellcasting
 43102 | Vaults:3 | Lost mutation: You possess an exceptional clarity of mind.
                  | [Jiyva's grace]
 43102 | Vaults:3 | Lost mutation: Your translucent skin slightly reduces your
                  | foes' accuracy. (Stealth+) [Jiyva's grace]
 43102 | Vaults:3 | Gained mutation: You are covered in slimy tendrils that may
                  | disarm your opponents. [Jiyva's grace]
 43102 | Vaults:3 | Gained mutation: You have a pair of small horns on your
                  | head. [Jiyva's grace]
 43102 | Vaults:3 | Gained mutation: You have a pair of horns on your head.
                  | [Jiyva's grace]
 43102 | Vaults:3 | Gained mutation: You have a pair of large horns on your
                  | head. [Jiyva's grace]
 43102 | Vaults:3 | Noticed Zenata
 43117 | Vaults:3 | Killed Zenata
 43244 | Vaults:3 | Learned a level 8 spell: Borgnjor's Revivification
 43596 | Vaults:3 | Reached skill level 1 in Summonings
 43941 | Vaults:3 | Found a staircase to the Crypt.
 44034 | Crypt:1  | Entered Level 1 of the Crypt
 44064 | Crypt:1  | Learned a level 4 spell: Dispel Undead
 44536 | Crypt:1  | Learned a level 5 spell: Summon Mana Viper
 44592 | Crypt:1  | Identified the +1 whip "Uvamujia" {drain, *Slow rN+ Int+3}
 44763 | Crypt:1  | Noticed an ancient lich
 44768 | Crypt:1  | Killed an ancient lich
 44965 | Crypt:1  | Reached skill level 1 in Hexes
 45330 | Crypt:1  | Reached XP level 23. HP: 156/156 MP: 35/46
 45568 | Crypt:1  | Found an ancient bone altar of Kikubaaqudgha.
 45582 | Crypt:1  | Identified the ring of the Falcon {Will+ Str+3}
 45754 | Crypt:1  | You are sucked into a shaft and drop 1 floor!
 46675 | Crypt:3  | Entered Level 3 of the Crypt
 46681 | Crypt:3  | Reached skill level 10 in Earth Magic
 46714 | Crypt:3  | Lost mutation: You have a pair of large horns on your head.
                  | [Jiyva's grace]
 46714 | Crypt:3  | Lost mutation: You have a pair of horns on your head.
                  | [Jiyva's grace]
 46714 | Crypt:3  | Lost mutation: Your flesh is almost immune to the effects
                  | of cold. (rC+++) [Jiyva's grace]
 46714 | Crypt:3  | Lost mutation: You are extremely strong-willed. (Will+++)
                  | [Jiyva's grace]
 46714 | Crypt:3  | Lost mutation: Your natural rate of healing is unusually
                  | fast. [Jiyva's grace]
 46714 | Crypt:3  | Gained mutation: Your rubbery body absorbs attacks. (AC +1,
                  | EV +1) [Jiyva's grace]
 46714 | Crypt:3  | Gained mutation: Your pliable body absorbs attacks. (AC +2,
                  | EV +2) [Jiyva's grace]
 46714 | Crypt:3  | Gained mutation: Your gelatinous body deflects attacks. (AC
                  | +3, EV +3) [Jiyva's grace]
 46714 | Crypt:3  | Gained mutation: You are extremely strong-willed. (Will+++)
                  | [Jiyva's grace]
 46778 | Crypt:3  | Reached skill level 20 in Spellcasting
 46952 | Crypt:3  | Found a transporter.
 46953 | Crypt:3  | Found a transporter.
 46956 | Crypt:3  | Noticed Vailuoroe's ghost (veteran GrEE)
 47190 | Crypt:3  | Noticed an ancient lich
 47215 | Crypt:3  | Killed an ancient lich
 47450 | Crypt:3  | Found an ancient bone altar of Kikubaaqudgha.
 47494 | Crypt:3  | Identified the +1 pair of gloves of the Lobster {-Tele
                  | Str+3 Slay+2}
 47515 | Crypt:3  | Identified the +3 battleaxe of the Aged Geomancers {heavy,
                  | rN+}
 47603 | Crypt:3  | Identified the amulet of Idealism {Regen+ Int+4 Dex-3}
 47603 | Crypt:3  | Identified the ring "Kennill" {rN+ Str+2 Int+3}
 47830 | Crypt:3  | Got the Book of Displaced Company
 48009 | Crypt:3  | Reached skill level 1 in Translocations
 48248 | Crypt:3  | Found a staircase to the Tomb.
 48326 | Crypt:3  | Reached skill level 5 in Summonings
 48680 | Crypt:3  | Noticed Saint Roka
 48691 | Crypt:3  | Killed Saint Roka
 48790 | Crypt:3  | Learned a level 7 spell: Malign Gateway
 48937 | Vaults:4 | Reached XP level 24. HP: 164/164 MP: 40/47
 49767 | Vaults:4 | Got Mevuam's Compendium of Concussion and Spectres
 49775 | Vaults:4 | Learned a level 6 spell: Iron Shot
 49786 | Vaults:4 | Learned a level 7 spell: Haunt
 50121 | Vaults:4 | Reached skill level 21 in Spellcasting
 50444 | Elf:1    | Entered Level 1 of the Elven Halls
 50622 | Elf:1    | Found Anwiot's Magic Scroll Shop.
 50622 | Elf:1    | Lost mutation: You have a somewhat thin skeletal structure.
                  | (Dex +2, Stealth+) [Jiyva's grace]
 50622 | Elf:1    | Lost mutation: You are extremely strong-willed. (Will+++)
                  | [Jiyva's grace]
 50622 | Elf:1    | Lost mutation: You are highly strong-willed. (Will++)
                  | [Jiyva's grace]
 50622 | Elf:1    | Gained mutation: You have a pair of horns on your head.
                  | [Jiyva's grace]
 50622 | Elf:1    | Gained mutation: You have a pair of large horns on your
                  | head. [Jiyva's grace]
 50622 | Elf:1    | Gained mutation: Your flesh is almost immune to the effects
                  | of cold. (rC+++) [Jiyva's grace]
 50622 | Elf:1    | Gained mutation: Your translucent skin slightly reduces
                  | your foes' accuracy. (Stealth+) [Jiyva's grace]
 50630 | Elf:1    | Bought a scroll of blinking for 120 gold pieces
 50927 | Elf:1    | Found Jammiewk's Jewellery Shoppe.
 50927 | Elf:1    | Found Ulovamud's Antique Armour Emporium.
 50930 | Elf:1    | Found Egaukh's Jewellery Shoppe.
 50968 | Elf:1    | Paralysed by an air elemental for 1 turns
 51068 | Elf:1    | Identified the +4 trident "Puyroll" {drain, Int+4}
 51116 | Elf:1    | Reached skill level 5 in Translocations
 51249 | Elf:1    | Noticed PiratePeteNZ's ghost (journeyman HOFi)
 51261 | Elf:1    | Found a transporter.
 51286 | Elf:1    | Found a transporter.
 51332 | Elf:1    | Identified the +2 cloak "Acosirgh" {rPois}
 51337 | Elf:1    | Killed PiratePeteNZ's ghost
 51373 | Elf:1    | Identified the +0 scale mail of the Griffon {rC+ Will++
                  | Int-2}
 52068 | Depths:2 | Bought a potion of experience for 650 gold pieces
 52068 | Depths:2 | Reached XP level 25. HP: 169/169 MP: 48/48
 52298 | Zot:1    | Reached skill level 10 in Summonings
 52611 | Zot:1    | Got the Vellum of the Syncline and the Discharge
 52620 | Zot:1    | Learned a level 6 spell: Dispersal
 52815 | Zot:1    | Identified the ring "Akhacin" {Ice rPois rN++ Dex-5}
 52815 | Zot:1    | Noticed Josephina
 52824 | Zot:1    | Killed Josephina
 53480 | Zot:2    | Reached XP level 26. HP: 175/175 MP: 40/48
 54287 | Zot:2    | Reached skill level 10 in Translocations
 54584 | Zot:3    | Found the +4 dragonskin cloak
 54584 | Zot:3    | Noticed Tiamat
 54619 | Zot:3    | Killed Tiamat
 54620 | Zot:3    | Reached skill level 22 in Spellcasting
 55023 | Zot:3    | Lost mutation: Your flesh is almost immune to the effects
                  | of cold. (rC+++) [Jiyva's grace]
 55023 | Zot:3    | Lost mutation: Your muscles are strong. (Str +4, Int/Dex
                  | -1) [Jiyva's grace]
 55023 | Zot:3    | Lost mutation: Your gelatinous body deflects attacks. (AC
                  | +3, EV +3) [Jiyva's grace]
 55023 | Zot:3    | Gained mutation: You have sharp toenails. [Jiyva's grace]
 55023 | Zot:3    | Gained mutation: You have razor-sharp toenails. [Jiyva's
                  | grace]
 55023 | Zot:3    | Gained mutation: You have claws for feet. [Jiyva's grace]
 55023 | Zot:3    | Gained mutation: Your mind is acute. (Int +4, Str/Dex -1)
                  | [Jiyva's grace]
 55331 | Zot:4    | Noticed a Killer Klown
 55336 | Zot:4    | Killed a Killer Klown
 56703 | Zot:5    | Entered Level 5 of the Realm of Zot
 57020 | Zot:5    | Reached XP level 27. HP: 180/180 MP: 24/49
 57078 | Zot:5    | Reached skill level 23 in Spellcasting
 57277 | Zot:5    | Noticed an orb of fire
 57300 | Zot:5    | Killed an orb of fire
 57649 | Zot:5    | Lost mutation: You have a pair of large horns on your head.
                  | [Jiyva's grace]
 57649 | Zot:5    | Lost mutation: You have a pair of horns on your head.
                  | [Jiyva's grace]
 57649 | Zot:5    | Lost mutation: You have a pair of small horns on your head.
                  | [Jiyva's grace]
 57649 | Zot:5    | Lost mutation: You have claws for feet. [Jiyva's grace]
 57649 | Zot:5    | Lost mutation: Your mind is acute. (Int +4, Str/Dex -1)
                  | [Jiyva's grace]
 57649 | Zot:5    | Lost mutation: Your flesh is very cold resistant. (rC++)
                  | [Jiyva's grace]
 57649 | Zot:5    | Lost mutation: Your flesh is cold resistant. (rC+) [Jiyva's
                  | grace]
 57649 | Zot:5    | Lost mutation: You passively dampen the noise of your
                  | surroundings. [Jiyva's grace]
 57649 | Zot:5    | Gained mutation: Your flesh is cold resistant. (rC+)
                  | [Jiyva's grace]
 57649 | Zot:5    | Gained mutation: Your flesh is very cold resistant. (rC++)
                  | [Jiyva's grace]
 57649 | Zot:5    | Gained mutation: Your flesh is almost immune to the effects
                  | of cold. (rC+++) [Jiyva's grace]
 57649 | Zot:5    | Gained mutation: You have a pair of small antennae on your
                  | head. [Jiyva's grace]
 57665 | Zot:5    | Noticed an orb of fire
 57667 | Zot:5    | Gained mutation: You are weak. (Str -2) [an orb of fire]
 57669 | Zot:5    | Gained mutation: Your body sometimes deteriorates upon
                  | taking damage. [an orb of fire]
 57674 | Zot:5    | Killed an orb of fire
 57675 | Zot:5    | Reached skill level 24 in Spellcasting
 57683 | Zot:5    | Noticed an orb of fire
 57691 | Zot:5    | Gained mutation: You sometimes lose your temper in combat.
                  | [an orb of fire]
 57697 | Zot:5    | Gained mutation: You have an uncontrollable temper. [an orb
                  | of fire]
 57725 | Zot:5    | Killed an orb of fire
 57967 | Zot:5    | Noticed an orb of fire
 57972 | Zot:5    | Noticed an orb of fire
 57973 | Zot:5    | Gained mutation: You are clumsy. (Dex -2) [an orb of fire]
 57976 | Zot:5    | Gained mutation: Armour fits poorly on your strangely
                  | shaped body. [an orb of fire]
 57979 | Zot:5    | Gained mutation: You are very clumsy. (Dex -4) [an orb of
                  | fire]
 58000 | Zot:5    | Gained mutation: You are frail. (-10% HP) [an orb of fire]
 58014 | Zot:5    | Noticed a dread lich
 58015 | Zot:5    | Killed an orb of fire
 58017 | Zot:5    | Noticed an ancient lich
 58018 | Zot:5    | Killed an orb of fire
 58026 | Zot:5    | Noticed a dread lich
 58032 | Zot:5    | Killed a dread lich
 58042 | Zot:5    | Was placed under penance by Jiyva
 58051 | Zot:5    | Killed a dread lich
 58052 | Zot:5    | Reached skill level 25 in Spellcasting
 58058 | Zot:5    | Killed an ancient lich
 58201 | Zot:5    | Got the Orb of Zot
 58395 | Zot:1    | Lost mutation: Your pliable body absorbs attacks. (AC +2,
                  | EV +2) [the all-consuming vengeance of Jiyva]
 58395 | Zot:1    | Was forgiven by Jiyva
 58623 | D:11     | Noticed Cefa the pandemonium lord
 58855 | D:$      | Escaped with the Orb!

Illustrated notes

Levels and vault maps discovered:
D:1:      ldierk_walled_garden, layout_basic,
          shapermc_ecumenical_altar_mp_urbaneastern, minmay_split_cup_small
D:2:      minmay_general_purpose_star, layout_loops_ring,
          chequers_serial_rivers_large_a, uniq_robin, uniq_natasha
D:3:      layout_basic, nicolae_overflow_squiral, mainiacjoe_overflow_brackets,
          hellmonk_ghost_happy_afterlife
D:4:      layout_layer_cave, grunt_ministairs_14, minmay_quantized
D:5:      layout_rooms, portal_sewer_entry_e
D:6:      layout_rooms, minmay_temple_entry_sparse_star, roderic_batcave,
          hangedman_decor_slide_cut, st_stairs_5
D:7:      layout_loops_cross, hangedman_decor_peaks_small, nicolae_shop_gadgets
D:8:      layout_basic, gammafunk_ghost_hydra_chop
D:9:      layout_rooms, tgw_kikubaaqudgha, serial_demonic, serial_demonic_c,
          serial_demonic_a, serial_demonic_g, serial_demonic_b,
          serial_demonic_c, grunt_potential, uniq_erica, uniq_prince_ribbit1
D:10:     layout_cave_pools, minmay_misc_feat_secret_circle, uniq_nergalle
D:11:     layout_cave_pools, erik_lair_island, orc_0_dummy,
          nicolae_figureground_sparkle, uniq_fannar, uniq_psyche
D:12:     layout_long_grid, serial_shops, nicolae_shop_waterfront, uniq_urug
D:13:     layout_irregular_city
D:14:     layout_rooms, skrybe_vaults_entry_preservation,
          nicolae_figureground_pulse, uniq_lodul
D:15:     grunt_enter_depths_magical_seal, layout_long_grid,
          gammafunk_ghost_crypt, eino_tiny_chamber
Lair:1:   layout_misc_corridors, serial_bayou, serial_bayou_pond_b,
          serial_bayou_pond_c, serial_bayou_pond_b, serial_bayou_lagoon_a,
          uniq_gastronok, uniq_harold
Lair:2:   layout_small_grid, nicolae_shoals_entry_flooding, minivault_23,
          minivault_23, gammafunk_lair_bear_cave
Lair:3:   layout_roguey, nicolae_snake_entry_squirm, infiniplex_staircase_pool_2
Lair:4:   regret_index_wax_grids, layout_long_grid,
          chequers_serial_rivers_large_b
Lair:5:   evilmike_catoblepas_cave, layout_cave_pods,
          minmay_slime_entry_pillars, serial_bayou_shore_b
Shoals:1: layout_shoals, uniq_aizul
Shoals:2: layout_shoals, uniq_polyphemus
Shoals:3: layout_shoals
Shoals:4: shoals_end_simple, layout_shoals, shoal_ilsuiw,
          nicolae_shoals_gull_way
Snake:1:  layout_misc_corridors, basic_altar, uniq_rupert
Snake:2:  layout_basic, serial_shops, shop_statue, nicolae_diamond_shop
Snake:3:  layout_concentric_octagons, grunt_megastairs_2
Snake:4:  grunt_snake_rune_spirals, layout_onion_interference, serial_shops,
          shop
Slime:1:  layout_caves, cheibrodos_slime_lost_civilization_6
Slime:2:  layout_caves
Slime:3:  nicolae_slime_infinislime, layout_caves
Slime:4:  layout_caves
Slime:5:  uniq_dissolution
Orc:1:    layout_caves, basic_altar, portal_ice_cave_entry_ice_simulacra,
          nooodl_orcs_dogs
Orc:2:    st_orc_elflike, layout_diamond_mine, serial_shops, nicolae_shop_trees
Elf:1:    eino_elf_arrival_sip, layout_onion_city, serial_shops, shop,
          gammafunk_ghost_berserking_beasts, hangedman_elf_disciples,
          grunt_ministairs_3, nicolae_elf_crossing_hall, minmay_shop_star
Vaults:1: v_misc_17, grunt_vaults_focal, v_misc_17, v_alt_pattern_5,
          nicolae_vaults_trapezoid_lopsided_4, nicolae_vaults_angled_halls,
          special_room_vaults [special_room_orc], ontoclasm_vaults_idyll,
          nicolae_vaults_double_plus_2, nicolae_vaults_door_testing_chamber,
          layout_vaults_omnigrid
Vaults:2: nicolae_vaults_what_the_h, hangedman_vaults_trim,
          hangedman_vaults_stitches, ontoclasm_vaults_claustrophobia,
          nicolae_vaults_taking_the_gang_shopping, nicolae_vaults_cochlea,
          v_pattern_4, nicolae_vaults_tangram_2,
          nicolae_vaults_security_offices_2, nicolae_vaults_more_shelving_1,
          nicolae_vaults_tetromino_Z_1, layout_vaults_omnicross
Vaults:3: nicolae_vaults_variable_pillar_hall, minmay_crypt_entry_vampire_xt,
          nicolae_vaults_storage_closets_3, nicolae_vaults_diamond_2,
          nicolae_vaults_little_squares_2, nicolae_vaults_bisected_exclaves,
          nicolae_vaults_big_angled_halls, nicolae_vaults_house_1, v_misc_29,
          v_misc_5, v_misc_10, v_alt_pattern_6,
          nicolae_vaults_diagonal_hallway_6, vaults_room_grid,
          nicolae_vaults_diamond_2, layout_vaults_maze_bifur, uniq_nikola,
          uniq_zenata
Vaults:4: nicolae_vaults_network_s, hangedman_vaults_slice,
          nicolae_vaults_antechamber_and_loot_room, hangedman_vaults_maws,
          nicolae_vaults_asterisk, v_misc_26, ontoclasm_vaults_eye,
          nicolae_vaults_double_plus_1, vaults_standard_mumra_enter_the_diamond,
          nicolae_vaults_apartment_2, nicolae_vaults_cochlea,
          vaults_room_semicircle, layout_vaults_big_room, serial_glass
Crypt:1:  cheibrodos_crypt_down_in_the_bonehoard, layout_rooms,
          corexii_hall_statues_t, weyrava_lich_vault
Crypt:2:  layout_regular_city
Crypt:3:  church_of_pain_bobbens, layout_chaotic_city,
          gammafunk_ghost_abyssal_escape, hellmonk_scarab_ruin, uniq_saint_roka
Depths:1: layout_basic, enter_ziggurat_b, pf_hell_entry_great_geh, minivault_11,
          kennysheep_generic_room_9, minmay_shoptagon
Depths:2: minmay_ornate_pinched, layout_cave_pools,
          nicolae_dithmenos_through_a_glass_darkly, serial_shops,
          nicolae_shop_industrial_runoff, grunt_pan_entry_spiral, hell_entry,
          abyss_entry_flame_altar, serial_bayou_shore_a
Depths:3: minmay_the_grid_octo_tiled_octocenter_mashed
          [minmay_the_grid_octo_checkerflower, minmay_the_grid_octo_toaster,
          minmay_the_grid_octo_odd_swirl, minmay_the_grid_octo_shrine,
          minmay_the_grid_octo_prize_big_c,
          minmay_the_grid_square_5x5_bracketed,
          minmay_the_grid_square_5x5_minibox,
          minmay_the_grid_square_5x5_tri_point,
          minmay_the_grid_square_5x5_checkered], layout_cave_pools,
          serial_column_ruins, column_ruins_open_small, column_ruins_open_small,
          column_ruins_columns_straight, column_ruins_columns_dead_end,
          lightli_too_deep, abyss_entry_small_statue_room
Depths:4: evilmike_zot_entry_argh, layout_cave_pools, hell_entry, pan_entry,
          cheibriados_altar_1
Zot:1:    layout_misc_corridors, uniq_josephina
Zot:2:    layout_misc_corridors
Zot:3:    layout_misc_corridors, grunt_ministairs_6, uniq_tiamat
Zot:4:    layout_cathedral_of_symmetry, hangedman_zot_decor_tridents,
          st_stairs_1
Zot:5:    layout_concentric_octagons, skrybe_zot_glass_3

Skill      XL: |  1  2  3  4  5  6  7  8  9 10 11 12 13 14 15 16 17 18 19 20 21 22 23 24 25 26 27 |
---------------+----------------------------------------------------------------------------------+-----
Conjurations   | 4 5 6 |  6.0
Fighting       | 3 4 5 6 7 9 10 11 12 13 14 15 16 17 18 19 20 | 20.5
Armour         | 1 2 3 4 5 6 7 8 |  8.0
Spellcasting   | 3 4 5 6 7 8 9 10 11 12 13 14 15 17 18 19 20 21 22 25 | 25.3
Air Magic      | 1 2 3 4 6 7 8 9 10 11 12 | 12.0
Axes           | 3 |  3.0
Fire Magic     | 2 4 6 8 9 11 13 14 15 | 15.0
Dodging        | 3 5 6 |  6.0
Shields        | 5 8 10 | 10.0
Necromancy     | 6 11 12 13 14 | 14.0
Evocations     | 3 |  3.0
Earth Magic    | 3 7 8 9 10 | 10.0
Ranged Weapons | 8 13 14 | 14.0
Summonings     | 3 5 9 10 | 10.3
Hexes          | 1 3 |  3.0
Translocations | 2 6 8 13 | 13.0

Action                     |  1- 3 |  4- 6 |  7- 9 | 10-12 | 13-15 | 16-18 | 19-21 | 22-24 | 25-27 || total
---------------------------+-------+-------+-------+-------+-------+-------+-------+-------+-------++-------
  Melee: Hand axe          |   111 |    39 |       |       |       |       |       |       |       ||   150
         Punch             |     1 |       |     1 |       |       |       |       |       |       ||     2
         Spear             |       |       |    22 |       |       |       |       |       |       ||    22
         Flail             |       |       |    51 |    51 |       |       |       |       |       ||   102
         Pseudopods        |       |       |     7 |    14 |   156 |   101 |    89 |       |       ||   367
         Bite              |       |       |     2 |       |       |    27 |    50 |       |       ||    79
         War axe           |       |       |       |    28 |    27 |       |       |       |       ||    55
         Staff             |       |       |       |       |   459 |   344 |   202 |       |       ||  1005
         Kick              |       |       |       |       |    30 |       |       |       |     1 ||    31
         Headbutt          |       |       |       |       |    37 |       |       |       |     1 ||    38
         Sling             |       |       |       |       |       |       |       |       |     2 ||     2
   Fire: Sling             |       |       |       |       |       |       |   575 |  1104 |   727 ||  2406
  Throw: Dart              |       |       |       |       |     4 |       |       |       |       ||     4
         Throwing net      |       |       |       |       |       |     4 |     5 |       |       ||     9
   Cast: Kiss of Death     |     2 |     1 |       |       |       |     2 |       |       |       ||     5
         Momentum Strike   |     3 |     8 |    16 |     9 |     4 |     1 |     1 |       |       ||    42
         Shock             |       |    33 |   204 |   210 |    87 |     7 |       |       |       ||   541
         Airstrike         |       |       |       |    84 |   113 |     3 |    57 |     2 |       ||   259
         Arcjolt           |       |       |       |    17 |   105 |    50 |     7 |    26 |     5 ||   210
         Plasma Beam       |       |       |       |       |   121 |   455 |   201 |   248 |   102 ||  1127
         Mephitic Cloud    |       |       |       |       |     1 |       |     5 |     1 |       ||     7
         Borgnjor's Vile C |       |       |       |       |       |    10 |   430 |   328 |   296 ||  1064
         Dispel Undead     |       |       |       |       |       |       |       |    12 |       ||    12
         Summon Mana Viper |       |       |       |       |       |       |       |     2 |    11 ||    13
         Haunt             |       |       |       |       |       |       |       |       |    44 ||    44
         Dispersal         |       |       |       |       |       |       |       |       |     7 ||     7
         Iron Shot         |       |       |       |       |       |       |       |       |     1 ||     1
         Malign Gateway    |       |       |       |       |       |       |       |       |    12 ||    12
 Invoke: Oozemancy         |       |     2 |     3 |     7 |     8 |     2 |       |       |       ||    22
  Evoke: Wand              |       |       |       |       |     1 |       |     3 |       |    16 ||    20
         Box of beasts     |       |       |       |       |       |     2 |     2 |     1 |     1 ||     6
         Phantom mirror    |       |       |       |       |       |     1 |       |       |     2 ||     3
    Use: Scroll            |       |       |       |       |    15 |    10 |     5 |     7 |     7 ||    44
         Potion            |       |       |       |       |       |     3 |     7 |     2 |    15 ||    27
   Stab: Petrified         |       |       |       |       |     8 |       |       |       |       ||     8
         Confused          |       |       |       |       |     1 |       |       |       |       ||     1
         Petrifying        |       |       |       |       |     1 |       |       |       |       ||     1
         Invisible         |       |       |       |       |       |     7 |     2 |       |       ||     9
 Armour: Leather armour    |    49 |    19 |   139 |       |       |       |       |       |       ||   207
         Robe              |       |       |       |    63 |   427 |       |       |       |       ||   490
         Steam dragon scal |       |       |       |   213 |    20 |       |       |       |       ||   233
         Troll leather arm |       |       |       |       |    25 |   443 |   320 |   254 |   220 ||  1262
         Skin              |       |       |       |       |       |       |    54 |       |       ||    54
  Dodge: Dodged            |    65 |    24 |   137 |   211 |   675 |   646 |   470 |   354 |   355 ||  2937
  Block: Kite shield       |       |       |       |   126 |   653 |   492 |   401 |   405 |   252 ||  2329
